 Dungeon Crawl Stone Soup version 0.23.2-33-g5129a83184 (webtiles) character file.

Game seed: 1197071209817284036

213 psyvane the Chucker (level 5, 0/48 HPs)
             Began as an Ogre Arcane Marksman on July 21, 2019.
             Succumbed to a water moccasin's poison
             ... on level 3 of the Dungeon.
             The game lasted 00:14:29 (3467 turns).

psyvane the Chucker (Ogre Arcane Marksman)          Turns: 3467, Time: 00:14:29

Health: 0/48       AC:  3    Str: 15    XL:     5   Next: 90%
Magic:  1/6        EV: 10    Int: 14    God:
Gold:   158        SH:  0    Dex:  9    Spells: 3/6 levels left

rFire    . . .     SeeInvis .   j - +1 flail (protect)
rCold    . . .     Gourm    .   (no shield)
rNeg     . . .     Faith    .   a - +0 robe
rPois    .         Spirit   .   (helmet restricted)
rElec    .         Reflect  .   (no cloak)
rCorr    .         Harm     .   (gloves unavailable)
MR       .....                  (boots unavailable)
Stlth    +.........             (no amulet)
HPRegen  0.16/turn              (no ring)
MPRegen  0.10/turn              (no ring)

@: lethally poisoned (0 -> -16), about to teleport, very slightly contaminated
A: large, unfitting armour, antennae 1, tough skin 1, evolution 1, subdued magic
1
a: no special abilities


You were on level 3 of the Dungeon.
You were not hungry.

You visited 1 branch of the dungeon, and saw 3 of its levels.

You collected 158 gold pieces.

Inventory:

Hand Weapons
 h - a +0 blowgun
 j - a +1 flail of protection (weapon)
Missiles
 e - 74 stones (quivered)
 o - 9 poisoned needles
Armour
 a - a +0 robe (worn)
Scrolls
 k - a scroll of immolation
Comestibles
 c - 4 chunks of flesh
 f - 6 rations


   Skills:
 * Level 1.3 Fighting
 - Level 5.9 Throwing
 - Level 1.7 Dodging
 - Level 1.2 Spellcasting
 - Level 2.6 Hexes


You had 3 spell levels left.
You knew the following spells:

 Your Spells              Type           Power        Failure   Level  Hunger
a - Corona                Hex            #......      7%          1    ##.....
b - Slow                  Hex            #.......     11%         2    ###....

Your spell library contained the following spells:

 Spells                   Type           Power        Failure   Level  Hunger
 Inner Flame              Hex/Fire       #.......     36%         3    ####...
 Portal Projectile        Hex/Tloc       #.....       36%         3    ####...
 Cause Fear               Hex            #.........   61%         4    #####..
 Leda's Liquefaction      Hex/Erth       #.........   80%         4    #####..


Dungeon Overview and Level Annotations

Branches:
Dungeon (3/15)

Altars:
Cheibriados


Innate Abilities, Weirdness & Mutations

You are too large for most types of armour.
You have tough skin. (AC +1)
You have a pair of small antennae on your head.
You evolve.
Your spells are a little easier to cast, but a little less powerful.


Message History

k - a scroll of immolation
* * * LOW HITPOINT WARNING * * *
You feel sick.
As you read the scroll labeled BOUTAI BIUPS, it crumbles to dust.
You feel blessed for a moment.
It was a scroll of remove curse.
* * * LOW HITPOINT WARNING * * *
You feel sick.
Blink to where?
Press: ? - help, Dir - move target cursor You are very lightly contaminated with residual magic.
As you read the scroll of blinking, it crumbles to dust.
* * * LOW HITPOINT WARNING * * *
You feel sick.
Found 7 gold pieces.
* * * LOW HITPOINT WARNING * * *
You feel sick.
You aren't carrying any potions.
As you read the scroll of teleportation, it crumbles to dust.
You feel strangely unstable.
You die...

#...#.#....#.#
#...#.#.##.#..
#ยง..#.#.####.#
###...#.#.......
#...........##.#
#...............
######+##(..........##.#
...$....#...........##.#
.......@#...........##.#
....................##.#
...........)........##.#
########.....##.####...r
#.....##.# ....
#.....##.# ....
##.###...# .... #.. ...#
.... ##. ..... ....


There were no monsters in sight!

Vanquished Creatures
  A water moccasin (D:3)
  Terence (D:2)
  An adder (D:2)
  5 worms
  4 dart slugs
  3 leopard geckos
  An orc (D:3)
  A giant cockroach (D:2)
  7 goblins
  5 hobgoblins
  2 jackals (D:2)
  2 ball pythons
  5 bats
  A frilled lizard (D:2)
  7 kobolds
  6 rats
52 creatures vanquished.

Notes
Turn   | Place    | Note
-------+----------+-------------------------------------------
     0 | D:1      | psyvane the Ogre Arcane Marksman began the quest for the
                  | Orb.
     0 | D:1      | Reached XP level 1. HP: 19/19 MP: 2/2
   653 | D:1      | Reached XP level 2. HP: 26/27 MP: 3/3
   741 | D:1      | Reached skill level 3 in Throwing
  1042 | D:2      | Gained mutation: Your spells are a little easier to cast,
                  | but a little less powerful. [potion of mutation]
  1042 | D:2      | Gained mutation: You evolve. [potion of mutation]
  1324 | D:2      | Reached XP level 3. HP: 33/33 MP: 2/4
  1405 | D:2      | Learned a level 2 spell: Slow
  1960 | D:2      | Reached skill level 4 in Throwing
  2104 | D:2      | Noticed Terence
  2109 | D:2      | Killed Terence
  2109 | D:2      | Reached XP level 4. HP: 41/41 MP: 1/5
  2148 | D:2      | Gained mutation: You have a pair of small antennae on your
                  | head. [evolution]
  2154 | D:2      | Found a snail-covered altar of Cheibriados.
  3117 | D:3      | Noticed a water moccasin
  3127 | D:3      | HP: 2/41 [water moccasin (6)]
  3460 | D:3      | Killed a water moccasin
  3460 | D:3      | Reached skill level 5 in Throwing
  3460 | D:3      | Reached XP level 5. HP: 16/48 MP: 0/6
  3466 | D:3      | HP: 1/48 [poisoned by a water moccasin]
  3467 | D:3      | Succumbed to a water moccasin's poison

Skill      XL: |  1  2  3  4 |
---------------+-------------+-----
Throwing       | 3 4 5 |  5.9
Fighting       | |  1.3
Dodging        | |  1.7
Spellcasting   | |  1.2
Hexes          | |  2.6

Action                   |  1- 3 |  4- 6 || total
-------------------------+-------+-------++-------
Melee: Unarmed           |    31 |       ||    31
       Club              |    40 |       ||    40
       Falchion          |    22 |    14 ||    36
       Flail             |       |    57 ||    57
Throw: Stone             |    78 |     4 ||    82
       Large rock        |    17 |     9 ||    26
       Throwing net      |     3 |       ||     3
 Cast: Corona            |    42 |    27 ||    69
       Slow              |     1 |     3 ||     4
  Use: Potion            |     3 |     3 ||     6
       Scroll            |       |     6 ||     6
  Eat: Chunk             |     5 |     3 ||     8
       Ration            |       |     1 ||     1
Armor: Robe              |    36 |    44 ||    80
       Skin              |     2 |       ||     2
Dodge: Dodged            |    79 |    70 ||   149
       Rpst.: Falchion   |     3 |     2 ||     5
